 Dungeon Sprint DCSS version 0.30-a0-772-g5528072125 (webtiles) character file.

Game seed: 18082167765273641101

4100000 rocky1 the Axe Maniac (level 20, -62/256 HPs)
             Began as an Ogre Gladiator on Feb 13, 2023.
             Was an Initiate of Makhleb.
             Annihilated by a meat berserker
             ... wielding a +9 battleaxe
              (89 damage)
             ... in the Dungeon (Sprint VIII: "Arena of Blood").
             The game lasted 00:01:28 (41 turns).

rocky1 the Axe Maniac (Ogre Gladiator)                Turns: 41, Time: 00:01:29

Health: -62/256    AC:  3    Str: 29    XL:     20   Next: 26%
Magic:  19/35      EV: 19    Int:  9    God:    Makhleb [......]
Gold:   0          SH:  0    Dex: 10    Spells: 42/42 levels left

rFire   . . .      SeeInvis .    l - +∞ Axe of Woe
rCold   . . .      Faith    .    (shield currently unavailable)
rNeg    . . .      Spirit   .    b - +0 robe
rPois   .          Reflect  .    c - +0 hat
rElec   .          Harm     .    (no cloak)
rCorr   .          Rampage  .    (gloves unavailable)
Will    ++...      NoTele   +    (boots unavailable)
Stlth   ++++                     (no amulet)
HPRegen 0.62/turn                q - +200 ring of slaying
MPRegen 0.24/turn                p - +200 ring of slaying

@: no status effects
A: large, unfitting armour, tough skin 1
a: Renounce Religion


You were in the Dungeon.
You worshipped Makhleb.
Makhleb was noncommittal.
You visited 1 branch

Inventory:

Hand Weapons
 a - a +0 war axe
 l - the +∞ Axe of Woe (weapon)
   (You found it in the Dungeon)
Missiles
 d - 3 throwing nets (quivered)
 e - a large rock
Armour
 b - a +0 robe (worn)
 c - a +0 hat (worn)
Jewellery
 m - a +30 ring of slaying
 n - a +30 ring of slaying
 o - a +30 ring of slaying
 p - a +200 ring of slaying (right hand)
 q - a +200 ring of slaying (left hand)
Scrolls
 k - a scroll of blinking
Potions
 f - a potion of curing
 g - a potion of heal wounds
 h - a potion of haste
 i - 2 potions of magic
 j - a potion of berserk rage


   Skills:
 O Level 27 Fighting
 + Level 9.7(11.4) Short Blades
 + Level 9.7(11.4) Long Blades
 O Level 27 Axes
 + Level 9.7(19.7) Maces & Flails
 + Level 10.6(21.3) Polearms
 + Level 10.6(14.0) Staves
 + Level 8.1 Ranged Weapons
 O Level 27 Throwing
 + Level 8.9 Armour
 O Level 27 Dodging
 + Level 8.9 Stealth
 + Level 10.5 Shields
 + Level 9.7 Unarmed Combat
 + Level 11.5 Spellcasting
 + Level 9.7 Conjurations
 + Level 10.8 Hexes
 + Level 9.7 Summonings
 + Level 9.7 Necromancy
 + Level 9.7 Translocations
 + Level 9.7 Transmutations
 + Level 9.7 Fire Magic
 + Level 9.7 Ice Magic
 + Level 9.7 Air Magic
 + Level 9.7 Earth Magic
 + Level 10.8 Poison Magic
 + Level 12.8 Invocations
 + Level 9.9 Evocations


You had 42 spell levels left.
You didn't know any spells.
Your spell library was empty.

Dungeon Overview and Level Annotations

Branches:
Dungeon (1/1)

Altars:
Makhleb


Innate Abilities, Weirdness & Mutations

You are too large for most types of armour.
You have tough skin. (AC +1)


Message History

Your Stealth skill increases to level 8!
Your Unarmed Combat skill increases to level 9!
Your Conjurations skill increases to level 9!
Your Hexes skill increases to level 10!
Your Summonings skill increases to level 9!
Your Necromancy skill increases to level 9!
Your Translocations skill increases to level 9!
Your Transmutations skill increases to level 9!
Your Fire Magic skill increases to level 9!
Your Ice Magic skill increases to level 9!
Your Air Magic skill increases to level 9!
Your Earth Magic skill increases to level 9!
Your Poison Magic skill increases to level 10!
Your Invocations skill increases to level 12!
Your Evocations skill increases to level 9!
Unknown command.
You slice the bag of meat like a ripe choko!!!!!!
You chop the bag of meat into pieces.
You blow up the bag of meat!
You chop the destroyer into pieces!!!!!
You slaughter the destroyer joyfully.
You destroy the destroyer!
You chop the bag of meat into pieces!!!!!
You chop the bag of meat into pieces.
You blow up the bag of meat!
You hear a shout! x8
Your base Polearms skill increases to level 10!
Your base Staves skill increases to level 10!
Your Ranged Weapons skill increases to level 8!
Your Shields skill increases to level 10!
Your Spellcasting skill increases to level 11!
You have reached level 20!
You hear a shout! x5
There is a burning altar of Makhleb, spattered with blood here.
You kneel at the altar of Makhleb.
Makhleb welcomes you!
You hear a shout! x8
The bag of meat is engulfed in blazing flames.
You hear a shout!
The meat berserker hits you with a +9 battleaxe!!!!
You die...

..... .. #... ..#
#.oo #... ..#
oo.V###... ..###.
.o.O.....###......
.#........_.....
.......#o....#
V......#@.<._#
......)#O)...#...
.#...o)o))_.......
......§°§###......
....###)○.....###.
... #§☼.....# .
#.......#
.........
...........


You could see a meat berserker (berserk) and 2 bags of meat.

Vanquished Creatures
  4 vampire knights (D)
  9 ogres (D)
  A two-headed ogre (D)
  A hydra (D)
  15 orcs (D)
30 creatures vanquished.

Notes
Turn   | Place    | Note
-------+----------+-------------------------------------------
     0 | D        | Found the +∞ Axe of Woe
     0 | D        | rocky1 the Ogre Gladiator began the quest for the Orb.
     0 | D        | Reached XP level 1. HP: 22/22 MP: 1/1
     3 | D        | Noticed a bag of meat
     3 | D        | Noticed a bag of meat
     5 | D        | Killed a bag of meat
     5 | D        | Noticed a meat berserker
     6 | D        | Reached XP level 2. HP: 49/49 MP: 2/2
     6 | D        | Reached XP level 3. HP: 57/57 MP: 3/3
     6 | D        | Reached XP level 4. HP: 66/66 MP: 4/4
     6 | D        | Reached XP level 5. HP: 74/74 MP: 5/5
     6 | D        | Reached XP level 6. HP: 83/83 MP: 6/6
     6 | D        | Reached XP level 7. HP: 91/91 MP: 7/7
     6 | D        | Reached XP level 8. HP: 98/98 MP: 8/8
     6 | D        | Reached XP level 9. HP: 106/106 MP: 9/9
     6 | D        | Reached XP level 10. HP: 115/115 MP: 10/10
     6 | D        | Reached XP level 11. HP: 123/123 MP: 11/11
     6 | D        | Noticed a bag of meat
     7 | D        | Noticed a bag of meat
     7 | D        | Noticed a meat berserker
     7 | D        | Noticed a meat berserker
     7 | D        | Noticed a bag of meat
     8 | D        | Noticed a bag of meat
     8 | D        | Killed a bag of meat
     8 | D        | Killed a bag of meat
     8 | D        | Noticed a bag of meat
     9 | D        | Reached skill level 15 in Fighting
     9 | D        | Reached skill level 10 in Throwing
     9 | D        | Reached XP level 12. HP: 135/143 MP: 12/12
     9 | D        | Killed a bag of meat
     9 | D        | Noticed a meat berserker
     9 | D        | Noticed a bag of meat
    10 | D        | Reached XP level 13. HP: 144/152 MP: 13/13
    10 | D        | Killed a meat berserker
    10 | D        | Noticed a bag of meat
    11 | D        | Reached XP level 14. HP: 157/166 MP: 14/14
    11 | D        | Noticed a bag of meat
    11 | D        | Killed a bag of meat
    12 | D        | Noticed a meat berserker
    12 | D        | Killed a meat berserker
    13 | D        | Reached XP level 15. HP: 171/180 MP: 15/15
    13 | D        | Killed a meat berserker
    14 | D        | Reached skill level 27 in Axes
    14 | D        | Reached skill level 15 in Throwing
    14 | D        | Killed a meat berserker
    15 | D        | Killed a meat berserker
    16 | D        | Reached skill level 27 in Dodging
    16 | D        | Reached XP level 16. HP: 201/210 MP: 16/16
    17 | D        | Reached skill level 27 in Fighting
    19 | D        | Noticed a destroyer
    19 | D        | Noticed a meat berserker
    20 | D        | Noticed a destroyer
    21 | D        | Reached XP level 17. HP: 219/226 MP: 17/17
    22 | D        | Reached skill level 27 in Throwing
    22 | D        | Noticed a large bag of meat
    23 | D        | Noticed a destroyer
    23 | D        | Noticed a meat berserker
    23 | D        | Noticed a meat berserker
    24 | D        | Killed a destroyer
    24 | D        | Killed a destroyer
    25 | D        | Reached skill level 5 in Short Blades
    25 | D        | Reached skill level 5 in Long Blades
    25 | D        | Reached skill level 5 in Maces & Flails
    25 | D        | Reached skill level 5 in Polearms
    25 | D        | Reached skill level 5 in Staves
    25 | D        | Reached skill level 5 in Shields
    25 | D        | Reached skill level 5 in Unarmed Combat
    25 | D        | Reached skill level 5 in Conjurations
    25 | D        | Reached skill level 5 in Summonings
    25 | D        | Reached skill level 5 in Necromancy
    25 | D        | Reached skill level 5 in Translocations
    25 | D        | Reached skill level 5 in Transmutations
    25 | D        | Reached skill level 5 in Fire Magic
    25 | D        | Reached skill level 5 in Ice Magic
    25 | D        | Reached skill level 5 in Air Magic
    25 | D        | Reached skill level 5 in Earth Magic
    25 | D        | Reached skill level 5 in Evocations
    25 | D        | Reached XP level 18. HP: 230/236 MP: 17/27
    25 | D        | Killed a meat berserker
    26 | D        | Reached skill level 5 in Ranged Weapons
    26 | D        | Reached skill level 5 in Armour
    26 | D        | Reached skill level 5 in Stealth
    28 | D        | Noticed a destroyer
    29 | D        | Killed a meat berserker
    30 | D        | Killed a meat berserker
    30 | D        | Killed a large bag of meat
    30 | D        | Noticed an eight-headed meat hydra
    31 | D        | Reached skill level 10 in Invocations
    31 | D        | Reached XP level 19. HP: 181/245 MP: 17/32
    31 | D        | Killed a destroyer
    31 | D        | Noticed a meat berserker
    32 | D        | Reached skill level 10 in Spellcasting
    32 | D        | Noticed a destroyer
    33 | D        | Noticed a meat berserker
    33 | D        | Noticed a sculptor of flesh
    34 | D        | Noticed a destroyer
    38 | D        | Killed a meat berserker
    38 | D        | Killed a nine-headed meat hydra
    39 | D        | Reached skill level 10 in Hexes
    39 | D        | Reached skill level 10 in Poison Magic
    39 | D        | Killed a destroyer
    40 | D        | Reached skill level 10 in Polearms
    40 | D        | Reached skill level 10 in Staves
    40 | D        | Reached skill level 10 in Shields
    40 | D        | Reached XP level 20. HP: 26/256 MP: 19/35
    41 | D        | Became a worshipper of Makhleb the Destroyer
    41 | D        | Annihilated by a meat berserker

Illustrated notes

Levels and vault maps discovered:
D:        meatsprint

Skill      XL: |  1  2  3  4  5  6  7  8  9 10 11 12 13 14 15 16 17 18 19 |
---------------+----------------------------------------------------------+-----
Fighting       | 12 15 16 17 19 25 27 | 27.0
Axes           | 16 20 22 23 26 27 | 27.0
Throwing       | 8 10 11 12 14 18 25 27 | 27.0
Dodging        | 14 18 19 21 23 27 | 27.0
Short Blades   | 5 8 9 |  9.7
Long Blades    | 5 8 9 |  9.7
Maces & Flails | 5 8 9 |  9.7
Polearms       | 5 8 10 | 10.6
Staves         | 5 8 10 | 10.6
Ranged Weapons | 4 6 8 |  8.1
Armour         | 4 7 8 |  8.9
Stealth        | 4 7 8 |  8.9
Shields        | 5 8 10 | 10.5
Unarmed Combat | 5 8 9 |  9.7
Spellcasting   | 6 9 11 | 11.5
Conjurations   | 5 8 9 |  9.7
Hexes          | 6 9 10 | 10.8
Summonings     | 5 8 9 |  9.7
Necromancy     | 5 8 9 |  9.7
Translocations | 5 8 9 |  9.7
Transmutations | 5 8 9 |  9.7
Fire Magic     | 5 8 9 |  9.7
Ice Magic      | 5 8 9 |  9.7
Air Magic      | 5 8 9 |  9.7
Earth Magic    | 5 8 9 |  9.7
Poison Magic   | 6 9 10 | 10.8
Invocations    | 7 10 12 | 12.8
Evocations     | 5 8 9 |  9.9

Action                     |  1- 3 |  4- 6 |  7- 9 | 10-12 | 13-15 | 16-18 | 19-21 || total
---------------------------+-------+-------+-------+-------+-------+-------+-------++-------
  Melee: Executioner's axe |     1 |       |       |     2 |     6 |     9 |     3 ||    21
  Dodge: Dodged            |       |       |       |     1 |       |       |       ||     1

Table legend: (Time is in decaauts)
 A = Elapsed time spent in this place.
 B = Non-inter-level travel time spent in this place.
 C = Inter-level travel time spent in this place.
 D = Time resting spent in this place.
 E = Time spent auto-exploring this place.
 F = Levels seen in this place.
 G = Mean time per level.
                   A        B        C        D        E       F      G
               +--------+--------+--------+--------+--------+-----+--------+
         Total |     33 |     33 |      0 |      0 |      0 |   1 |   33.0 |
       Dungeon |     33 |     33 |      0 |      0 |      0 |   1 |   33.0 |
               +--------+--------+--------+--------+--------+-----+--------+

Top non-repeatable levels by time:
       D: 33 daAuts
